 Dungeon Crawl Stone Soup version 0.30.2 (webtiles) character file.

Game seed: 4716012333534895042

152 porpoise the Shooter (level 5, 0/46 HPs)
             Began as a Minotaur Hunter on Apr 4, 2024.
             Slain by Ijyb
             ... wielding a +5 club
              (10 damage)
             ... on level 4 of the Dungeon.
             The game lasted 00:04:00 (2097 turns).

porpoise the Shooter (Minotaur Hunter)              Turns: 2097, Time: 00:04:00

Health: 0/46       AC:  5    Str: 15    XL:     5   Next: 11%
Magic:  4/4        EV:  9    Int:  6    God:
Gold:   195        SH:  0    Dex: 16    Spells: 4/4 levels left

rFire   . . .        a - +0 shortbow
rCold   . . .        (shield currently unavailable)
rNeg    . . .        c - +0 leather armour
rPois   .            (helmet restricted)
rElec   .            m - +0 cloak
rCorr   .            (no gloves)
SInv    .            p - +0 pair of boots
Will    .....        (no amulet)
Stlth   +            (no ring)
HPRegen 0.27/turn    (no ring)
MPRegen 0.09/turn

%: no passive effects
@: grasped by roots, constricted
A: horns 2, retaliatory headbutt
a: no special abilities


You were on level 4 of the Dungeon.
You visited 1 branch of the dungeon, and saw 4 of its levels.

You collected 195 gold pieces.

Inventory:

Hand Weapons
 a - a +0 shortbow (weapon)
 d - a +4 hand axe
Armour
 c - a +0 leather armour (worn)
 m - a +0 cloak (worn)
 p - a +0 pair of boots (worn)
Jewellery
 f - a ring of fire
Scrolls
 b - a scroll of immolation
 e - a scroll of brand weapon {unknown}
 g - 5 scrolls of identify {unknown}
 h - 2 scrolls of teleportation {unknown}
 o - a scroll of vulnerability {unknown}
 r - a scroll of noise {unknown}
Potions
 i - 2 potions of curing {unknown}
 j - 2 potions of lignification {unknown}
 k - a potion of flight {unknown}
 l - a potion of heal wounds {unknown}
 n - a potion of invisibility {unknown}
 q - a potion of magic {unknown}


   Skills:
 + Level 3.8 Fighting
 * Level 5.9 Ranged Weapons
 + Level 2.6 Armour
 - Level 2.1 Dodging
 - Level 0.7 Stealth


You had 4 spell levels left.
You didn't know any spells.
Your spell library was empty.

Dungeon Overview and Level Annotations

Branches:
Dungeon (4/15)
 Temple: D:4-7

Altars:
Trog

Annotations:
D:4 Ijyb


Innate Abilities, Weirdness & Mutations

You have a pair of horns on your head.
You reflexively headbutt those who attack you in melee.


Message History

You enter the shallow water.
Moving in this stuff is going to be slow.
Things that are here:
a +0 whip; a stone
There is a stone staircase leading down here.
You climb downwards.
There is a stone staircase leading up here.
Ijyb is nearby!
You shoot an arrow. The arrow hits Ijyb.
Ijyb shouts!
Ijyb is lightly wounded.
You shoot an arrow. The arrow closely misses Ijyb.
Ijyb hits you with a +5 club.
You shoot an arrow. The arrow closely misses Ijyb.
Ijyb barely misses you.
You shoot an arrow. The arrow closely misses Ijyb.
Ijyb screams, "No!
No, no, no, no!"
Ijyb hits you with a +5 club.
Ijyb zaps a wand.
The roots erupt in riotous growth!
The grasping roots grab you!
Ijyb is unaffected.
The grasping roots constrict you.
You shoot an arrow. The arrow barely misses Ijyb.
An endoplasm comes into view.
Ijyb misses you. The grasping roots constrict you.
The grasping roots release their grip on you.
You shoot an arrow. The arrow closely misses Ijyb.
Ijyb hits you with a +5 club!
You shoot an arrow. The arrow hits Ijyb but does no damage.
Ijyb zaps a wand.
The roots erupt in riotous growth!
The grasping roots grab you!
Ijyb is unaffected.
The grasping roots constrict you.
You shoot an arrow. The arrow hits Ijyb but does no damage.
Ijyb hits you with a +5 club. The grasping roots constrict you!
Ijyb hits you with a +5 club. The grasping roots constrict you.
* * * LOW HITPOINT WARNING * * *
You are too injured to fight recklessly!
You are too injured to fight recklessly!
You are too injured to fight recklessly!
You shoot an arrow. The arrow hits Ijyb but does no damage.
Ijyb hits you with a +5 club!
You die...

#########
#........
#........
#.g......
#@.......
#..........
#..J.......
#...##.####
..... .#
...... #
.......
.....####


You could see Ijyb and an endoplasm.

Vanquished Creatures
  A centaur (D:3)
  An adder (D:2)
  A worm (D:2)
  A dart slug (D:3)
  An orc (D:3)
  An endoplasm (D:1)
  4 giant cockroaches
  8 goblins
  4 hobgoblins
  3 jackals (D:3)
  10 kobolds
  2 quokkas
  2 ball pythons
  6 bats
  2 frilled lizards
  5 rats
52 creatures vanquished.

Notes
Turn   | Place    | Note
-------+----------+-------------------------------------------
     0 | D:1      | porpoise the Minotaur Hunter began the quest for the Orb.
     0 | D:1      | Reached XP level 1. HP: 18/18 MP: 0/0
   200 | D:1      | Reached XP level 2. HP: 25/25 MP: 1/1
   457 | D:1      | Reached skill level 1 in Armour
   583 | D:1      | Found a faded altar of an unknown god.
   901 | D:2      | Found a bloodstained altar of Trog.
   938 | D:2      | Reached skill level 5 in Ranged Weapons
   941 | D:2      | Reached XP level 3. HP: 27/31 MP: 2/2
  1444 | D:3      | Noticed a centaur
  1451 | D:3      | Killed a centaur
  1452 | D:3      | Reached XP level 4. HP: 40/40 MP: 3/3
  1452 | D:3      | Reached XP level 5. HP: 46/46 MP: 4/4
  2088 | D:4      | Noticed Ijyb
  2097 | D:4      | Slain by Ijyb

Illustrated notes

Levels and vault maps discovered:
D:1:      dpeg_arrival_chambers_temple_mockup, layout_basic,
          dreamdust_ecumenical_altar_hidden_monk_grotto, minmay_heptomino_h4
D:2:      layout_rooms, basic_altar, st_stairs_14
D:3:      layout_basic, serial_rivers, chequers_serial_rivers_micro_a,
          chequers_serial_rivers_large_a, chequers_serial_rivers_micro_e,
          chequers_serial_rivers_micro_b, chequers_serial_rivers_micro_e,
          chequers_serial_rivers_marsh, minmay_tree_intersection,
          chequers_arboretum, minmay_misc_feat_four_crosses, minmay_liquid_box,
          serial_bayou_lake_a
D:4:      gammafunk_cloud_chamber, layout_basic, grunt_qazlal_clouds,
          lemuel_temple_firewalk_b, uniq_blork_the_orc, uniq_ijyb

Skill      XL: |  1  2  3 |
---------------+----------+-----
Armour         | 1 2 |  2.6
Fighting       | 3 |  3.8
Ranged Weapons | 5 |  5.9
Dodging        | |  2.1
Stealth        | |  0.7

Action                     |  1- 3 |  4- 6 || total
---------------------------+-------+-------++-------
   Fire: Shortbow          |   109 |    25 ||   134
 Armour: Leather armour    |    10 |     2 ||    12
  Dodge: Dodged            |    22 |     4 ||    26
